 Dungeon Crawl Stone Soup version 0.31-a0-246-g8cbcc1cb85 (webtiles) character file.

Game seed: 12544279381985742573

7065 arthad the Mimic (level 11, -2/85 HPs)
             Began as a Gnoll Shapeshifter on July 12, 2023.
             Was a Priest of Makhleb.
             Shot with an arrow by a centaur (8 damage)
             ... on level 10 of the Dungeon.
             The game lasted 00:28:02 (11297 turns).

arthad the Mimic (Gnoll Shapeshifter)              Turns: 11297, Time: 00:28:03

Health: -2/85      AC:  8    Str: 18    XL:     11   Next: 9%
Magic:  20/20      EV: 13    Int:  9    God:    Makhleb [***...]
Gold:   710        SH:  0    Dex: 12    Spells: 18/22 levels left

rFire   . .          .
                       - Unarmed
rCold   . . .        (no shield)
rNeg    . . .        J - +0 swamp dragon scales
rPois   +            (helmet currently unavailable)
rElec   .            (cloak currently unavailable)
rCorr   .            (gloves currently unavailable)
SInv    .            (boots currently unavailable)
Will    .....        (no amulet)
Stlth   ++           R - ring of wizardry
HPRegen 0.34/turn    S - ring of wizardry
MPRegen 0.17/turn

%: wizardry (x2)
@: brilliant, about to teleport, beast-form
A: beast (slay +5), fangs 1, strong nose, distributed training
a: Renounce Religion, Minor Destruction, Lesser Servant of Makhleb


You were on level 10 of the Dungeon.
You worshipped Makhleb.
Makhleb was most pleased with you.
You were a hulking beast.
You visited 2 branches of the dungeon, and saw 11 of its levels.
You also visited: Sewer.

You collected 710 gold pieces.

Inventory:

Hand Weapons
 i - a +1 heavy spear
 A - a +0 flail of protection
 C - a -2 executioner's axe
 E - a +2 rapier of draining
 M - a +4 quarterstaff of chaos
 T - a +0 hand axe of freezing
Missiles
 d - 6 poisoned darts (quivered)
 X - 7 throwing nets
 Y - 2 datura-tipped darts
Armour
 a - a +0 animal skin
 e - a +1 pair of gloves
 k - a +0 helmet
 F - a +0 leather armour
 J - +0 swamp dragon scales (worn)
 N - a +1 cloak of preservation
 P - the +1 scale mail "Lion" {Slay+2}
   (You found it on level 6 of the Dungeon)

   Slay:      It affects your accuracy & damage with ranged weapons and melee
   (+2).
 V - a +0 kite shield
 W - the +3 leather armour of Beahix {+Inv Str+5}
   (You found it on level 8 of the Dungeon)

   Str:       It affects your strength (+5).
   +Inv:      It lets you turn invisible.
Jewellery
 u - a ring of ice
 R - a ring of wizardry (left hand)
 S - a ring of wizardry (right hand)
Talismans
 c - a beast talisman
 g - a beast talisman
 v - a beast talisman
Wands
 p - a wand of charming (1)
 y - a wand of digging (9)
 D - a wand of flame (35)
Scrolls
 h - 2 scrolls of immolation
 j - 2 scrolls of fog
 l - a scroll of noise
 m - 5 scrolls of enchant armour
 n - 3 scrolls of butterflies {unknown}
 o - a scroll of blinking
 r - 6 scrolls of teleportation
 s - a scroll of enchant weapon {unknown}
 x - 2 scrolls of poison {unknown}
 z - a scroll of amnesia {unknown}
 I - 10 scrolls of identify
 L - 2 scrolls of revelation {unknown}
 U - a scroll of silence {unknown}
Potions
 b - 3 potions of lignification
 f - 6 potions of enlightenment
 q - 5 potions of degeneration
 t - 2 potions of haste
 w - a potion of resistance
 B - 2 potions of brilliance
 G - a potion of invisibility {unknown}
 H - a potion of might {unknown}
 K - 2 potions of attraction {unknown}
 Q - a potion of ambrosia {unknown}


   Skills:
 + Level 7.7 Fighting
 + Level 6.0 Short Blades
 + Level 6.0 Long Blades
 + Level 6.0 Axes
 + Level 6.0 Maces & Flails
 + Level 6.0 Polearms
 + Level 6.0 Staves
 + Level 6.0 Ranged Weapons
 + Level 6.0 Throwing
 + Level 6.0 Armour
 + Level 7.7 Dodging
 + Level 6.0 Stealth
 + Level 6.0 Shields
 + Level 7.7 Unarmed Combat
 + Level 6.0 Spellcasting
 + Level 5.0 Conjurations
 + Level 5.0 Hexes
 + Level 5.0 Summonings
 + Level 5.0 Necromancy
 + Level 5.0 Translocations
 + Level 5.0 Transmutations
 + Level 5.0 Fire Magic
 + Level 5.0 Ice Magic
 + Level 5.0 Air Magic
 + Level 5.0 Earth Magic
 + Level 5.0 Poison Magic
 + Level 6.6 Invocations
 + Level 6.0 Evocations
 + Level 8.3 Shapeshifting


You had 18 spell levels left.
You knew the following spells:

 Your Spells              Type           Power      Damage    Failure   Level
a - Magic Dart            Conj           68%        1d6       1%          1
b - Call Canine Familiar  Summ           17%        N/A       4%          3

Your spell library contained the following spells:

 Spells                   Type           Power      Damage    Failure   Level
 Freeze                   Ice            68%        1d8       1%          1
 Call Imp                 Summ           34%        N/A       1%          2
 Cigotuvi's Dreadful Rot  Necr/Pois/Air  34%        N/A       1%          2
 Frozen Ramparts          Ice            34%        1d6       4%          3
 Mephitic Cloud           Conj/Pois/Air  17%        N/A       4%          3
 Portal Projectile        Hex/Tloc       34%        N/A       4%          3
 Airstrike                Air            8%         2d(2-18)  13%         4
 Leda's Liquefaction      Hex/Erth       8%         N/A       13%         4
 Chain Lightning          Conj/Air       8%         3d11      100%        9


Dungeon Overview and Level Annotations

Branches:
Dungeon (10/15)            Temple (1/1) D:4            Lair (0/5) D:9
  Sewer (visited)
    Orc: D:9-12

Altars:
Ashenzari
Cheibriados
Dithmenos
Elyvilon
Fedhas
Gozag
Hepliaklqana
Kikubaaqudgha
Makhleb
Nemelex Xobeh
Okawaru
Qazlal
Ru
Sif Muna
Trog
Uskayaw
Vehumet
Wu Jian
Xom
Yredelemnul
Zin
The Shining One

Shops:
D:8 [


Innate Abilities, Weirdness & Mutations

You are a hulking beast.
Your limbs bulge with bestial killing power. (Slay +5)
You have very sharp teeth.
Your uncanny sense of smell can sniff out nearby items.
Your experience applies equally to all skills.


Message History

Your Stealth skill increases to level 6!
Your Shields skill increases to level 6!
Your Spellcasting skill increases to level 6!
Your Conjurations skill increases to level 5!
Your Hexes skill increases to level 5!
Your Summonings skill increases to level 5!
Your Necromancy skill increases to level 5!
Your Translocations skill increases to level 5!
Your Transmutations skill increases to level 5!
Your Fire Magic skill increases to level 5!
Your Ice Magic skill increases to level 5!
Your Air Magic skill increases to level 5!
Your Earth Magic skill increases to level 5!
Your Poison Magic skill increases to level 5!
Your Evocations skill increases to level 6!
You barely miss the komodo dragon. The komodo dragon closely misses you.
An orc wizard comes into view. It is wielding a +0 dagger.
You pummel the komodo dragon!!
The komodo dragon is heavily wounded.
You punch the komodo dragon!
The komodo dragon is severely wounded.
The komodo dragon bites you!!
* * * LOW HITPOINT WARNING * * *
You punch the komodo dragon!
The komodo dragon is almost dead.
The komodo dragon barely misses you.
You feel much better. The komodo dragon bites you.
As you read the scroll of teleportation, it crumbles to dust.
You feel strangely unstable. The komodo dragon bites you!
* * * LOW HITPOINT WARNING * * *
You punch the komodo dragon!
You kill the komodo dragon!
Makhleb accepts your kill.
The centaur wields a +0 orcbow of freezing.
It is covered in frost.
The centaur shoots an arrow.
The arrow barely misses you.
The centaur shoots an arrow.
The arrow hits you!
* * * LOW HITPOINT WARNING * * *
The arrow freezes you!
You die... (#.# ....# ∆ (#. #....## (Y#O.....# YYo.... #coo#

#c# # #†#
....####.##
#.....h..#
#.#.###..###
#....##
..##.#..#######
#>...##.......#
###...>.######
#.###.# #.# #.#
#.# #.#


You could see a two-headed ogre, a yak, 2 centaurs, an orc wizard and an orc.

Vanquished Creatures
  Harold (D:9)
  A two-headed ogre (D:8)
  Maggie (D:6)
  An unseen horror (D:10)
  A komodo dragon (D:10)
  Prince Ribbit (D:6)
  A hornet (D:8)
  Sigmund (D:6)
  A shadow (D:9)
  A wyvern (D:7)
  Eustachio (D:5)
  3 yaks (D:10)
  An acid dragon (D:10)
  4 water moccasins
  3 orc warriors
  A sky beast (D:8)
  4 centaurs (D:7)
  2 kobold brigands
  2 gnoll sergeants
  2 bullfrogs
  6 scorpions
  5 howler monkeys
  An electric eel (D:8)
  2 gnoll boudas
  3 hounds
  A jelly (D:8)
  6 iguanas
  Crazy Yiuf (D:5)
  4 orc priests
  2 sleepcaps (D:7)
  Jessica (D:3)
  Ijyb (D:3)
  Natasha (D:3)
  6 orc wizards
  30 gnolls
  22 adders
  5 river rats (Sewer)
  2 ufetubi
  4 worms
  5 dart slugs
  19 orcs
  13 bats
  10 endoplasms
  6 giant cockroaches
  2 goblins
  11 hobgoblins
  13 quokkas
  14 ball pythons
  7 frilled lizards
  10 kobolds
  6 rats
252 creatures vanquished.

Notes
Turn   | Place    | Note
-------+----------+-------------------------------------------
     0 | D:1      | arthad the Gnoll Shapeshifter began the quest for the Orb.
     0 | D:1      | Reached XP level 1. HP: 20/20 MP: 1/1
   153 | D:1      | Reached XP level 2. HP: 24/26 MP: 2/2
   427 | D:1      | Found a faded altar of an unknown god.
   432 | D:1      | Reached XP level 3. HP: 11/31 MP: 3/3
   624 | D:1      | Reached skill level 1 in Invocations
   894 | D:2      | Reached skill level 1 in Short Blades
   894 | D:2      | Reached skill level 1 in Long Blades
   894 | D:2      | Reached skill level 1 in Axes
   894 | D:2      | Reached skill level 1 in Maces & Flails
   894 | D:2      | Reached skill level 1 in Polearms
   894 | D:2      | Reached skill level 1 in Staves
   894 | D:2      | Reached skill level 1 in Ranged Weapons
   894 | D:2      | Reached skill level 1 in Throwing
   894 | D:2      | Reached skill level 1 in Armour
   894 | D:2      | Reached skill level 1 in Stealth
   894 | D:2      | Reached skill level 1 in Shields
   894 | D:2      | Reached skill level 1 in Spellcasting
   894 | D:2      | Reached skill level 1 in Evocations
   964 | D:2      | Reached XP level 4. HP: 35/38 MP: 5/5
  1177 | D:2      | Got the Folio of the Gaseous Deep Freeze
  1320 | D:2      | Reached skill level 1 in Conjurations
  1320 | D:2      | Reached skill level 1 in Hexes
  1320 | D:2      | Reached skill level 1 in Summonings
  1320 | D:2      | Reached skill level 1 in Necromancy
  1320 | D:2      | Reached skill level 1 in Translocations
  1320 | D:2      | Reached skill level 1 in Transmutations
  1320 | D:2      | Reached skill level 1 in Fire Magic
  1320 | D:2      | Reached skill level 1 in Ice Magic
  1320 | D:2      | Reached skill level 1 in Air Magic
  1320 | D:2      | Reached skill level 1 in Earth Magic
  1320 | D:2      | Reached skill level 1 in Poison Magic
  1618 | D:3      | Noticed a kobold brigand
  1654 | D:3      | Killed a kobold brigand
  1655 | D:3      | Reached XP level 5. HP: 10/43 MP: 5/7
  1755 | D:3      | Noticed Ijyb
  1772 | D:3      | Killed Ijyb
  1978 | D:3      | Found a glowing drain.
  1985 | Sewer    | Entered a sewer
  2056 | Sewer    | Reached XP level 6. HP: 46/50 MP: 8/8
  2385 | Sewer    | Reached skill level 5 in Fighting
  2385 | Sewer    | Reached skill level 5 in Dodging
  2385 | Sewer    | Reached skill level 5 in Unarmed Combat
  3116 | D:3      | Noticed Jessica
  3119 | D:3      | Killed Jessica
  3377 | D:3      | Noticed Natasha
  3396 | D:3      | Killed Natasha
  3685 | D:4      | Reached XP level 7. HP: 37/56 MP: 10/10
  3954 | D:4      | Found a staircase to the Ecumenical Temple.
  4000 | Temple   | Entered the Ecumenical Temple
  4040 | Temple   | Became a worshipper of Makhleb the Destroyer
  4919 | D:4      | Reached skill level 7 in Shapeshifting
  4946 | D:4      | Reached XP level 8. HP: 49/63 MP: 12/12
  5210 | D:4      | Found a blossoming altar of Fedhas.
  5210 | D:4      | Found a broken altar of Ashenzari.
  5305 | D:5      | Entered Level 5 of the Dungeon
  5308 | D:5      | Noticed Eustachio
  5328 | D:5      | Killed Eustachio
  5545 | D:5      | Found an opulent altar of Gozag.
  5551 | D:5      | Found a snail-covered altar of Cheibriados.
  5904 | D:5      | Reached * piety under Makhleb
  6047 | D:5      | Found a runed translucent door.
  6048 | D:5      | Noticed Crazy Yiuf
  6131 | D:5      | Found a radiant altar of Vehumet.
  6132 | D:5      | Found an iron altar of Okawaru.
  6133 | D:5      | Found a hazy altar of Hepliaklqana.
  6134 | D:5      | Found a bloodstained altar of Trog.
  6198 | D:5      | Killed Crazy Yiuf
  6500 | D:6      | HP: 1/64 [gnoll/+0 spear[a gnoll sergeant] (7)]
  6785 | D:6      | Noticed Maggie
  6808 | D:6      | Killed Maggie
  6809 | D:6      | Reached XP level 9. HP: 46/69 MP: 13/15
  6811 | D:6      | Learned a level 1 spell: Magic Dart
  7059 | D:6      | Noticed Prince Ribbit
  7076 | D:6      | Killed Prince Ribbit
  7140 | D:6      | Noticed Sigmund
  7147 | D:6      | Killed Sigmund
  7161 | D:6      | Found a shadowy altar of Dithmenos.
  7168 | D:6      | Identified the +1 scale mail "Lion" {Slay+2}
  7314 | D:6      | Learned a level 3 spell: Call Canine Familiar
  7643 | D:7      | Found a hide-covered altar of Uskayaw.
  7661 | D:7      | Reached skill level 5 in Invocations
  8022 | D:7      | Reached ** piety under Makhleb
  8250 | D:7      | Reached XP level 10. HP: 64/77 MP: 17/17
  8588 | D:7      | Reached skill level 5 in Short Blades
  8588 | D:7      | Reached skill level 5 in Long Blades
  8588 | D:7      | Reached skill level 5 in Axes
  8588 | D:7      | Reached skill level 5 in Maces & Flails
  8588 | D:7      | Reached skill level 5 in Polearms
  8588 | D:7      | Reached skill level 5 in Staves
  8588 | D:7      | Reached skill level 5 in Ranged Weapons
  8588 | D:7      | Reached skill level 5 in Throwing
  8588 | D:7      | Reached skill level 5 in Armour
  8588 | D:7      | Reached skill level 5 in Stealth
  8588 | D:7      | Reached skill level 5 in Shields
  8588 | D:7      | Reached skill level 5 in Spellcasting
  8588 | D:7      | Reached skill level 5 in Evocations
  9390 | D:8      | Found a sparkling altar of Nemelex Xobeh.
  9426 | D:8      | Found Payj's Armour Shoppe.
  9431 | D:8      | Noticed a two-headed ogre
  9445 | D:8      | Killed a two-headed ogre
  9446 | D:8      | Reached skill level 8 in Shapeshifting
  9704 | D:8      | Identified the +3 leather armour of Beahix {+Inv Str+5}
 10109 | D:9      | Noticed Harold
 10128 | D:9      | Killed Harold
 10807 | D:9      | Reached *** piety under Makhleb
 10871 | D:9      | Found a staircase to the Lair.
 11145 | D:10     | Entered Level 10 of the Dungeon
 11283 | D:10     | Reached XP level 11. HP: 45/84 MP: 19/19
 11288 | D:10     | Noticed a two-headed ogre
 11290 | D:10     | Reached skill level 5 in Conjurations
 11290 | D:10     | Reached skill level 5 in Hexes
 11290 | D:10     | Reached skill level 5 in Summonings
 11290 | D:10     | Reached skill level 5 in Necromancy
 11290 | D:10     | Reached skill level 5 in Translocations
 11290 | D:10     | Reached skill level 5 in Transmutations
 11290 | D:10     | Reached skill level 5 in Fire Magic
 11290 | D:10     | Reached skill level 5 in Ice Magic
 11290 | D:10     | Reached skill level 5 in Air Magic
 11290 | D:10     | Reached skill level 5 in Earth Magic
 11290 | D:10     | Reached skill level 5 in Poison Magic
 11292 | D:10     | HP: 4/84 [komodo dragon (25)]
 11297 | D:10     | Shot with an arrow by a centaur

Illustrated notes

Levels and vault maps discovered:
D:1:      enne_arrival_octagon_isle, layout_loops_cross,
          shapermc_ecumenical_altar_starsandcircs, minmay_misc_feat_hallway,
          amcnicky_mini_pool_small, amcnicky_mini_rare_corridor_liquid,
          minivault_25
D:2:      layout_basic, nicolae_titane
D:3:      layout_basic, cheibrodos_sewer_entry_bend,
          chequers_serial_rivers_micro_c, ebering_dispersal_statue_hall,
          uniq_ijyb, uniq_natasha, uniq_jessica
D:4:      old_forge, layout_basic, gammafunk_temple_overflow_wave,
          minmay_temple_entry_offerings
D:5:      layout_cave_pools, nicolae_gozag_seed_capital,
          mainiacjoe_overflow_alcove_3, cheibriados_altar_1,
          minmay_misc_feat_room, uniq_crazy_yiuf_cottage, uniq_eustachio
D:6:      layout_basic, mainiacjoe_overflow_six_doors_small,
          uniq_prince_ribbit1, uniq_maggie, uniq_sigmund
D:7:      layout_layer_cave, eat_drink_and_be_merry_uskayaw,
          kennysheep_small_square
D:8:      layout_loops_cross, nemelex_xobeh_ov_fountains_minmay, serial_shops,
          shop, minmay_misc_feat_roman, kennysheep_dice
D:9:      layout_loops_ring, lair_entry_dummy, uniq_harold
D:10:     layout_rooms, minmay_increasing_density, uniq_joseph
Temple:   hellmonk_temple_of_storms

Skill      XL: |  1  2  3  4  5  6  7  8  9 10 11 |
---------------+----------------------------------+-----
Invocations    | 1 2 3 4 5 6 |  6.6
Short Blades   | 1 2 4 5 6 |  6.0
Long Blades    | 1 2 4 5 6 |  6.0
Axes           | 1 2 4 5 6 |  6.0
Maces & Flails | 1 2 4 5 6 |  6.0
Polearms       | 1 2 4 5 6 |  6.0
Staves         | 1 2 4 5 6 |  6.0
Ranged Weapons | 1 2 4 5 6 |  6.0
Throwing       | 1 2 4 5 6 |  6.0
Armour         | 1 2 4 5 6 |  6.0
Stealth        | 1 2 4 5 6 |  6.0
Shields        | 1 2 4 5 6 |  6.0
Spellcasting   | 1 2 4 5 6 |  6.0
Evocations     | 1 2 4 5 6 |  6.0
Conjurations   | 1 2 3 4 5 |  5.0
Hexes          | 1 2 3 4 5 |  5.0
Summonings     | 1 2 3 4 5 |  5.0
Necromancy     | 1 2 3 4 5 |  5.0
Translocations | 1 2 3 4 5 |  5.0
Transmutations | 1 2 3 4 5 |  5.0
Fire Magic     | 1 2 3 4 5 |  5.0
Ice Magic      | 1 2 3 4 5 |  5.0
Air Magic      | 1 2 3 4 5 |  5.0
Earth Magic    | 1 2 3 4 5 |  5.0
Poison Magic   | 1 2 3 4 5 |  5.0
Fighting       | 5 6 7 |  7.7
Dodging        | 5 6 7 |  7.7
Unarmed Combat | 5 6 7 |  7.7
Shapeshifting  | 7 8 |  8.3

Action                     |  1- 3 |  4- 6 |  7- 9 | 10-12 || total
---------------------------+-------+-------+-------+-------++-------
  Melee: Unarmed           |    49 |   216 |   240 |   177 ||   682
         Bite              |     3 |    16 |    41 |    27 ||    87
         Punch             |       |     7 |    16 |    10 ||    33
  Throw: Dart              |       |       |    94 |    76 ||   170
  Evoke: Wand              |       |       |     2 |     1 ||     3
    Use: Scroll            |       |     8 |     4 |     2 ||    14
         Potion            |       |     3 |     2 |     3 ||     8
   Stab: Sleeping          |     3 |     6 |     4 |     2 ||    15
         Distracted        |       |     1 |       |       ||     1
 Armour: Animal skin       |     2 |    37 |     5 |       ||    44
         Leather armour    |       |       |     8 |       ||     8
         Swamp dragon scal |       |       |    25 |    46 ||    71
  Dodge: Dodged            |    17 |   167 |   163 |   101 ||   448

Table legend: (Time is in decaauts)
 A = Elapsed time spent in this place.
 B = Non-inter-level travel time spent in this place.
 C = Inter-level travel time spent in this place.
 D = Time resting spent in this place.
 E = Time spent auto-exploring this place.
 F = Levels seen in this place.
 G = Mean time per level.
                   A        B        C        D        E       F      G
               +--------+--------+--------+--------+--------+-----+--------+
         Total |  11328 |  11042 |    286 |   1228 |   7583 |  12 |  944.0 |
       Dungeon |  10108 |   9831 |    277 |    948 |   6985 |  10 | 1010.8 |
        Temple |     45 |     36 |      9 |      0 |     25 |   1 |   45.0 |
         Sewer |   1174 |   1174 |      0 |    280 |    573 |   1 | 1174.0 |
               +--------+--------+--------+--------+--------+-----+--------+

Top non-repeatable levels by time:
     D:4: 1644 daAuts
     D:7: 1464 daAuts
     D:6: 1234 daAuts
   Sewer: 1174 daAuts
     D:9: 1067 daAuts
     D:5: 1009 daAuts
     D:3: 983 daAuts
     D:8: 979 daAuts
     D:2: 868 daAuts
     D:1: 715 daAuts
    D:10: 140 daAuts
  Temple: 45 daAuts
